 Dungeon Crawl Stone Soup version 0.20.1-1-g8b1a95d (webtiles) character file.

387 Oakoak the Covert (level 6, -6/32 HPs)
             Began as a Spriggan Assassin on Sept 1, 2017.
             Killed by divine providence
             ... invoked by an orc priest
              (15 damage)
             ... on level 4 of the Dungeon.
             The game lasted 00:16:06 (6972 turns).

Oakoak the Covert (Spriggan Assassin)               Turns: 6972, Time: 00:16:07

Health: -6/32      AC:  3    Str:  8    XL:     6   Next: 49%
Magic:  7/7        EV: 20    Int: 12    God:
Gold:   113        SH:  0    Dex: 19    Spells: 5/5 levels left

rFire    . . .     SeeInvis +   a - +2 dagger
rCold    . . .     Gourm    .   (shield restricted)
rNeg     . . .     Faith    .   c - +0 robe
rPois    .         Spirit   .   (helmet restricted)
rElec    .         Reflect  .   d - +0 cloak
rCorr    +         Harm     .   (gloves unavailable)
MR       +....                  (boots unavailable)
Stlth    ++++......             (no amulet)
Regen    0.1/turn               h - ring of resist corrosion
MPRegen  0.1/turn               m - ring of wizardry

@: very quick
A: unfitting armour, see invisible, herbivore 3, speed 3, slow metabolism 2
a: no special abilities


You were on level 4 of the Dungeon.
You were not hungry.

You visited 1 branch of the dungeon, and saw 4 of its levels.

You collected 113 gold pieces.

Inventory:

Hand Weapons
 a - a +2 dagger (weapon)
 b - a +0 blowgun
Missiles
 e - 5 poisoned needles (quivered)
 f - 2 curare-tipped needles
Armour
 c - a +0 robe (worn)
 d - a +0 cloak (worn)
Jewellery
 h - a ring of resist corrosion (left hand)
 m - a ring of wizardry (right hand)
 s - a cursed -3 ring of evasion {unknown}
Wands
 q - a wand of random effects (0/48)
 z - a wand of polymorph (6/24)
Scrolls
 l - 2 scrolls of recharging {unknown}
 o - 5 scrolls of identify {unknown}
 r - 3 scrolls of remove curse {unknown}
 u - a scroll of blinking {unknown}
 v - 2 scrolls of enchant weapon {unknown}
 w - a scroll of amnesia {unknown}
 x - a scroll of noise {unknown}
 y - a scroll of random uselessness {unknown}
Potions
 i - 3 potions of mutation {unknown}
 j - a potion of degeneration {unknown}
 k - a potion of curing {unknown}
 n - a potion of brilliance {unknown}
 t - a potion of berserk rage {unknown}
Comestibles
 g - 2 bread rations
 p - 3 meat rations
 A - a royal jelly


   Skills:
 + Level 2.4 Fighting
 + Level 4.5 Short Blades
 + Level 3.0 Throwing
 + Level 4.0 Dodging
 + Level 8.1 Stealth
 + Level 0.3 Evocations


You had 5 spell levels left.
You didn't know any spells.

Dungeon Overview and Level Annotations

Branches:
Dungeon (4/15)
 Temple: D:4-7

Altars:


Innate Abilities, Weirdness & Mutations

You are very small and have problems with some larger weapons.
You are too small for most types of armour.
You have supernaturally acute eyesight. (SInv)
You are a herbivore.
You cover ground extremely quickly.
You need consume almost no food.


Message History

Found a royal jelly.
The orc shouts!
You hear a shout! x2
The orc priest shouts!
You hit the orc.
The orc is moderately wounded.
The orc completely misses you.
The orc priest invokes the aid of Beogh against you.
Beogh smites you!
* * * LOW HITPOINT WARNING * * *
An orc comes into view. It is wielding a war axe.
The orc completely misses you.
The orc priest looks encouraged for a moment.
You see here a royal jelly.
A - a royal jelly The orc barely misses you.
The orc priest calls down the wrath of Beogh upon you.
You resist with significant effort.
The orc priest calls down the wrath of Beogh upon you.
Beogh smites you!
You die...

####........# #.#
#..'........###.#
#.##........'.#.####
#.#######...#.#.#..
..# #.###...#.# ###
#.#######.# ..#
#.........#######
..#
######..........#
..# #..@.......# ..#
#..........# ..#
#..........# ..#
#...oo..%..# ###
#o.........#
#.o........#
....###.###### ....
#.# ..... #.#


You could see 2 orc priests and 2 orcs.

Vanquished Creatures
  A phantom (D:3)
  An orc priest (D:2)
  Crazy Yiuf (D:2)
  2 orc wizards
  A worker ant (D:4)
  4 adders
  An adder skeleton (D:4)
  3 worms (D:2)
  5 dart slugs
  6 leopard geckos
  5 orcs
  5 ball pythons
  12 bats
  2 giant cockroaches
  5 goblins
  11 hobgoblins
  5 jackals
  8 kobolds
  2 quokkas
  6 frilled lizards
  A leopard gecko skeleton (D:4)
  7 rats
94 creatures vanquished.

Notes
Turn   | Place    | Note
-------+----------+-------------------------------------------
     0 | D:1      | Oakoak the Spriggan Assassin began the quest for the Orb.
     0 | D:1      | Reached XP level 1. HP: 10/10 MP: 2/2
    15 | D:1      | Reached skill level 6 in Stealth
    67 | D:1      | Reached XP level 2. HP: 13/14 MP: 3/3
  1079 | D:2      | Reached XP level 3. HP: 18/18 MP: 4/4
  1208 | D:2      | Reached skill level 7 in Stealth
  1905 | D:2      | Found a runed door.
  1909 | D:2      | Noticed Crazy Yiuf
  1944 | D:2      | Killed Crazy Yiuf
  1944 | D:2      | Reached XP level 4. HP: 11/23 MP: 5/5
  3224 | D:3      | Reached XP level 5. HP: 21/26 MP: 6/6
  4515 | D:3      | Noticed a phantom
  4522 | D:3      | Killed a phantom
  4522 | D:3      | Reached XP level 6. HP: 30/30 MP: 7/7
  6264 | D:4      | Reached skill level 8 in Stealth
  6972 | D:4      | Killed from afar by an orc priest

Skill      XL: |  1  2  3  4  5  6 |
---------------+-------------------+-----
Stealth        | 6 7 8 |  8.1
Fighting       | 2 |  2.4
Short Blades   | 3 4 |  4.5
Dodging        | 2 3 4 |  4.0
Throwing       | 3 |  3.0
Evocations     | |  0.3

Action                   |  1- 3 |  4- 6 || total
-------------------------+-------+-------++-------
Melee: Dagger            |    99 |   273 ||   372
 Fire: Blowgun           |    13 |    11 ||    24
Evoke: Wand              |       |     7 ||     7
 Stab: Sleeping          |     5 |    13 ||    18
       Distracted        |       |     4 ||     4
  Eat: Bread ration      |       |     1 ||     1
Armor: Robe              |    10 |    28 ||    38
Dodge: Dodged            |    80 |   213 ||   293
